AoeStats
← Joseph.da98

MegaRandom

509949814Analyzed
3v3 RM · 3d ago on Sep 28, 2026· 36m 20s· 6 players
Game mode
Random Map
Map size
Normal (6 player)
Population
200
Speed
Normal
Resources
Standard
Victory
Conquest
Starting age
Dark Age
Ending age
Imperial Age
RankedLock teamsTeams togetherTeam positionsShared explorationLock speedFull tech treeHidden civsTurbo modeCheats
Victory
Defeat
🇩🇪 Wei · Germany
1190
+13
🇩🇪 Gurjaras · Germany
1173
+13
🇩🇪 Japanese · Germany
1113
+16
🇵🇱 Inca · Poland
1114
-14
🇵🇱 Malians · Poland
1113
-14
🇵🇱 Khitans · Poland
1108
-14
Martwy Kogut
3:42 Loom
12:40 Feudal Age
19:13 Castle Age
18:24 Scale Barding Armor
18:34 Double-Bit Axe
18:45 Gold Mining
20:00 Bloodlines
20:39 Horse Collar
20:52 Fishing Lines
21:38 Stone Mining
22:43 Husbandry
22:41 Town Watch
25:00 Elite Skirmisher
27:17 Fletching
31:11 Ballistics
Jakwieczo
8:43 Loom
12:06 Feudal Age
17:18 Castle Age
16:20 Double-Bit Axe
20:28 Bow Saw
20:51 Horse Collar
30:02 Heavy Plow
33:35 Imperial Age
33:47 Ballistics
Rodzenberg
2:23 Loom
10:26 Feudal Age
10:56 Domestication
15:40 Wheelbarrow
20:58 Castle Age
19:50 Scale Barding Armor
19:39 Fletching
21:10 Heavy Cavalry Archer
22:23 Town Watch
28:32 Ballistics
28:52 Husbandry
29:48 Pastoralism
31:06 Arson
31:51 Squires
Schlensen
10:37 Feudal Age
15:03 Castle Age
13:12 Double-Bit Axe
13:19 Horse Collar
13:45 Loom
17:47 Scale Barding Armor
18:38 Bloodlines
18:34 Husbandry
19:56 Forging
24:48 Bow Saw
30:31 Heavy Plow
32:24 Iron Casting
32:36 Gold Mining
33:43 Wheelbarrow
33:43 Chain Barding Armor
37:41 Imperial Age
36:59 Gold Shaft Mining
opus DEPPUS
11:10 Feudal Age
9:54 Loom
13:34 Fishing Lines
16:54 Castle Age
14:49 Double-Bit Axe
16:12 Fletching
16:21 Gold Mining
17:37 Horse Collar
19:06 Bodkin Arrow
19:40 Bow Saw
24:36 Ballistics
25:56 Wheelbarrow
25:50 Husbandry
26:01 Bloodlines
27:16 Thumb Ring
30:10 Town Watch
35:40 Imperial Age
35:43 Scale Barding Armor
35:38 Padded Archer Armor
35:50 Forging
37:00 Parthian Tactics
36:37 Bracer
37:39 Chemistry
Joseph.da98
11:23 Feudal Age
12:56 Loom
13:46 Wheelbarrow
13:32 Double-Bit Axe
21:13 Castle Age
19:37 Scale Mail Armor
19:47 Forging
20:36 Gold Mining
20:36 Stone Mining
21:04 Horse Collar
22:47 Gold Shaft Mining
27:40 Hand Cart
28:48 Heavy Plow
29:05 Bow Saw
31:51 Iron Casting
33:08 Chain Mail Armor
35:39 Imperial Age
Connection lost

Rejoining the realm…

Still unreachable

The connection could not be restored.

Session expired

The server has moved on; the page needs a fresh start.